 Dungeon Crawl Stone Soup version 0.29-a0-565-g7a16c6de65 (webtiles) character file.

Game seed: 4519549753456422562

40 ryzyn the Vexing (level 3, 0/16 HPs)
             Began as a Spriggan Enchanter on June 12, 2022.
             Slain by Natasha (6 damage)
             ... on level 2 of the Dungeon.
             The game lasted 00:02:03 (1058 turns).

ryzyn the Vexing (Spriggan Enchanter)               Turns: 1058, Time: 00:02:04

Health: 0/16       AC:  2    Str:  6    XL:     3   Next: 30%
Magic:  2/9        EV: 17    Int: 16    God:
Gold:   47         SH:  0    Dex: 15    Spells: 1/9 levels left

rFire   . . .      SeeInvis +   a - +1 dagger
rCold   . . .      Faith    .   (no shield)
rNeg    . . .      Spirit   .   b - +0 robe
rPois   .          Reflect  .   (helmet restricted)
rElec   .          Harm     .   (no cloak)
rCorr   .          Rampage  .   (gloves unavailable)
Will    .....                   (boots unavailable)
Stlth   +++.......              h - amulet of regeneration
HPRegen 0.85/turn               (no ring)
MPRegen 0.11/turn               (no ring)

@: attractive, very quick
A: very small, no large weapons, unfitting armour, see invisible, speed 3
a: no special abilities


You were on level 2 of the Dungeon.
You visited 1 branch of the dungeon, and saw 2 of its levels.

You collected 47 gold pieces.

Inventory:

Hand Weapons
 a - a +1 dagger (weapon)
 e - a +0 short sword of speed
Missiles
 d - 6 curare-tipped darts (quivered)
Armour
 b - a +0 robe (worn)
Jewellery
 h - an amulet of regeneration (around neck)
Potions
 c - 2 potions of invisibility


   Skills:
 - Level 1.1 Short Blades
 - Level 2.6 Dodging
 - Level 4.4 Stealth
 + Level 3.8 Spellcasting
 + Level 4.6 Hexes


You had one spell level left.
You knew the following spells:

 Your Spells              Type           Power      Damage    Failure   Level
a - Ensorcelled Hibernat  Hex/Ice        20%        N/A       10%         2
b - Tukima's Dance        Hex            17%        N/A       8%          3
d - Confusing Touch       Hex            17%        N/A       8%          3

Your spell library contained the following spells:

 Spells                   Type           Power      Damage    Failure   Level
 Dazzling Flash           Conj/Hex       20%        N/A       21%         3


Dungeon Overview and Level Annotations

Branches:
Dungeon (2/15)

Altars:

Annotations:
D:2 Natasha


Innate Abilities, Weirdness & Mutations

You are very small and have problems with some larger weapons.
You are too small for most types of armour.
You have supernaturally acute eyesight. (SInv)
You cover ground extremely quickly. (Speed+++)


Message History

Unknown command.
Unknown command.
Okay, then.
You barely miss Natasha. Natasha misses you.
You barely miss Natasha. Natasha claws you.
You hit Natasha but do no damage. Natasha closely misses you.
It was a potion of attraction.
You feel attractive to monsters. Natasha misses you.
You hit Natasha but do no damage.
Natasha mumbles some strange words.
Your magical contamination has completely faded away.
You hit Natasha.
Natasha is lightly wounded.
Natasha completely misses you.
You hit Natasha but do no damage.
Natasha is lightly wounded.
Natasha barely misses you.
You barely miss Natasha.
Natasha is lightly wounded.
You closely miss Natasha.
Natasha is lightly wounded.
Natasha closely misses you.
You barely miss Natasha.
Natasha is lightly wounded.
Natasha claws you.
The crimson imp shouts, "Despond, thou churlish weather-bitten simpleton!"
You barely miss Natasha.
Natasha is lightly wounded.
Natasha barely misses you.
You completely miss Natasha.
Natasha is lightly wounded.
Natasha claws you.
You hit Natasha but do no damage.
Natasha is lightly wounded.
Natasha misses you.
You barely miss Natasha.
Natasha is lightly wounded.
Natasha claws you.
You die...

##########
###........#######
....######.......#
##### #######.# #
#@# # #h# # .5.
#### ..!..
...########
#.....#
##)##.....#
#.....#
....#.....#
#......
..........#
###.#.##
.#..#.....#


You could see Natasha and a crimson imp (summoned).

Vanquished Creatures
  An adder (D:2)
  A dart slug (D:1)
  2 bats (D:1)
  6 endoplasms (D:1)
  3 goblins
  3 hobgoblins (D:1)
  A quokka (D:1)
  2 ball pythons
  3 frilled lizards (D:1)
  4 kobolds
  2 rats (D:1)
28 creatures vanquished.

Vanquished Creatures (others)
  2 plants (D:1)
2 creatures vanquished.

Grand Total: 30 creatures vanquished

Notes
Turn   | Place    | Note
-------+----------+-------------------------------------------
     0 | D:1      | ryzyn the Spriggan Enchanter began the quest for the Orb.
     0 | D:1      | Reached XP level 1. HP: 9/9 MP: 5/5
   126 | D:1      | Reached XP level 2. HP: 13/13 MP: 7/7
   129 | D:1      | Learned a level 2 spell: Ensorcelled Hibernation
   773 | D:1      | Found a faded altar of an unknown god.
   820 | D:1      | Reached XP level 3. HP: 16/16 MP: 9/9
   824 | D:1      | Learned a level 3 spell: Tukima's Dance
   828 | D:1      | Learned a level 3 spell: Confusing Touch
  1037 | D:2      | Noticed Natasha
  1058 | D:2      | Slain by Natasha

Illustrated notes

Levels and vault maps discovered:
D:1:      minmay_arrival_checkered_box, layout_basic, serial_aquarium,
          aquarium_bridge_long_joined [aquarium_subvault_bridge,
          aquarium_subvault_window, aquarium_subvault_window,
          aquarium_subvault_bridge, aquarium_subvault_wall,
          aquarium_subvault_wall], aquarium_bridge_straight
          [aquarium_subvault_bridge, aquarium_subvault_balcony,
          aquarium_subvault_bridge, aquarium_subvault_window],
          aquarium_window_corner, aquarium_window_1, aquarium_window_corridor_3,
          aquarium_window_fake, aquarium_view_2c, aquarium_view_2b,
          aquarium_pool_2, shapermc_ecumenical_altar_mp_ritualfount
D:2:      layout_loops_cross, uniq_natasha, uniq_jessica

Skill      XL: |  1 |
---------------+----+-----
Spellcasting   | 3 |  3.8
Hexes          | 4 |  4.6
Short Blades   | |  1.1
Dodging        | |  2.6
Stealth        | |  4.4

Action                   || total
-------------------------++-------
Melee: Dagger            ||    85
Throw: Dart              ||     1
 Cast: Ensorcelled Hiber ||     3
  Use: Scroll            ||     1
       Potion            ||     1
 Stab: Sleeping          ||    15
Armor: Robe              ||     4
Dodge: Dodged            ||    50

Table legend: (Time is in decaauts)
 A = Elapsed time spent in this place.
 B = Non-inter-level travel time spent in this place.
 C = Inter-level travel time spent in this place.
 D = Time resting spent in this place.
 E = Time spent auto-exploring this place.
 F = Levels seen in this place.
 G = Mean time per level.
                   A        B        C        D        E       F      G
               +--------+--------+--------+--------+--------+-----+--------+
         Total |    757 |    735 |     22 |      0 |    522 |   2 |  378.5 |
       Dungeon |    757 |    735 |     22 |      0 |    522 |   2 |  378.5 |
               +--------+--------+--------+--------+--------+-----+--------+

Top non-repeatable levels by time:
     D:1: 686 daAuts
     D:2: 71 daAuts
